 Dungeon Crawl Stone Soup version 0.9.0-19-g77be2dd character file.

187 pikovsky the Magician (level 4, 0/22 HPs)
             Began as a Deep Elf Wizard on Aug 31, 2011.
             Slain by a worm (12 damage)
             ... on Level 3 of the Dungeon.
             The game lasted 00:18:43 (2682 turns).

pikovsky the Magician (Deep Elf Wizard)             Turns: 2682, Time: 00:18:43

HP   0/22        AC  2     Str  5      XL: 4   Next: 13%
MP  13/18        EV 13     Int 23      God:
Gold 111         SH  0     Dex 13      Spells:  4 memorised,  7 levels left

Res.Fire  : . . .   See Invis. : .   h - +2,+1 quarterstaff
Res.Cold  : . . .   Warding    : . . a - +0 elf robe
Life Prot.: . . .   Conserve   : .   (no shield)
Res.Acid. : . . .   Res.Corr.  : .   b - +0 elf wizard hat
Res.Poison: .       Clarity    : .   (no cloak)
Res.Elec. : .       Spirit.Shd : .   (no gloves)
Sust.Abil.: . .     Stasis     : .   (no boots)
Res.Mut.  : .       Ctrl.Telep.: .   (no amulet)
Res.Rott. : .       Levitation : .   (no ring)
Saprovore : . . .   Ctrl.Flight: .   (no ring)

@: slightly resistant to hostile enchantments, fairly stealthy
A: no striking features
a: no special abilities


You were on level 3 of the Dungeon.
You were not hungry.

You visited 1 branch of the dungeon, and saw 3 of its levels.

You collected 91 gold pieces.

Inventory:

Hand weapons
 h - a +2,+1 quarterstaff (weapon)
 u - a -1,+0 orcish dagger
 A - a cursed -3,+0 dagger
Missiles
 i - 52 +0 darts (quivered)
 l - a +0 throwing net
 y - 4 +4 darts
 D - 3 curare-tipped +0 needles
Armour
 a - a +0 elven robe (worn)
 b - a +0 elven wizard hat (worn)
 t - a +0 steam dragon hide
Comestibles
 d - 3 bread rations
 g - a choko
 j - a meat ration
 v - a snozzcumber
 B - a rotting chunk of goblin flesh
Scrolls
 e - 2 scrolls of identify
 f - a scroll of detect curse {unknown}
 k - a scroll of fear {unknown}
 m - 3 scrolls of remove curse
 o - 2 scrolls of random uselessness {unknown}
 q - 2 scrolls of amnesia {unknown}
 r - a scroll of recharging {unknown}
 s - a scroll of magic mapping {unknown}
 x - a scroll of enchant weapon I {unknown}
 E - a scroll of enchant weapon II {unknown}
Potions
 n - 2 potions of agility
 p - 2 potions of healing {unknown}
 w - a potion of gain intelligence {unknown}
 z - a potion of speed {unknown}
 C - a potion of gain strength {unknown}
 F - a potion of degeneration {unknown}
Books
 c - a book of Minor Magic

   Spells                             Type                      Level
   *Magic Dart                        Conjuration                  1
   *Blink                             Translocation                2
   *Call Imp                          Summoning                    2
   Repel Missiles                     Charms/Air                   2
   Slow                               Hexes                        2
   Conjure Flame                      Conjuration/Fire             3
   *Mephitic Cloud                    Conjuration/Poison/Air       3


   Skills:
 + Level 1 Staves
 + Level 3 Dodging
 + Level 3 Stealth
 + Level 6 Spellcasting
 + Level 2 Conjurations
 + Level 1 Summonings
 + Level 1 Translocations


You had 7 spell levels left.
You knew the following spells:

 Your Spells              Type           Power        Success   Level  Hunger
a - Magic Dart            Conj           ####.        Excellent   1    None
b - Blink                 Tloc           N/A          Great       2    None
c - Call Imp              Summ           ###.......   Great       2    None
d - Mephitic Cloud        Pois/Air/Conj  ##........   Good        3    Strawberry

Dungeon Overview and Level Annotations

Branches:
Dungeon (3/27)

Altars:


Message History

The magic dart hits the worm.
The worm is moderately wounded.
The worm bites you.
Casting: Magic Dart
Confirm with . or Enter, or press ? or * to list all spells.
Aiming: Magic Dart
Press: ? - help, Shift-Dir - straight line, f/p - worm
Aim: A worm (moderately wounded)
The magic dart hits the worm.
The worm is moderately wounded.
Casting: Magic Dart
Confirm with . or Enter, or press ? or * to list all spells.
Aiming: Magic Dart
Press: ? - help, Shift-Dir - straight line, f/p - worm
Aim: A worm (moderately wounded)
The magic dart hits the worm.
The worm is heavily wounded.
The worm bites you!
Ouch! That really hurt!
You die...

.###.....# #.......
#.....# #......# ###..##
##.##### # ##.# #....#
##.. ###..#### ####.# ...
#.......##########.## #.#
##...................#
..#
#..#........####.........
.# #....%w@...#
##.......# ##
##.........# #.......#
.## #......>...#
#.......# ..#
#..#........# #.......#
#.# #. ##.......#
##.###### ... #....####
#.## ##..# ###..#
###..##### #... ##.####
#......... ...
###.....####.........


You could see a worm.

Vanquished Creatures
  A snake (D:3)
  2 giant geckos (D:2)
  3 oozes
  An orc (D:3)
  9 bats
  3 giant cockroaches
  8 hobgoblins
  4 jackals (D:2)
  A quokka (D:2)
  2 small snakes
  4 giant newts
  11 goblins
  5 kobolds
  4 rats
  2 toadstools (D:1)
60 creatures vanquished.

Vanquished Creatures (others)
  4 toadstools
4 creatures vanquished.

Grand Total: 64 creatures vanquished

Notes
Turn   | Place    | Note
--------------------------------------------------------------
     0 | D:1      | pikovsky, the Deep Elf Wizard, began the quest for the Orb.
     0 | D:1      | Reached XP level 1. HP: 8/8 MP: 7/7
   386 | D:1      | Reached XP level 2. HP: 11/13 MP: 4/10
  1094 | D:1      | Learned a level 2 spell: Blink
  1097 | D:1      | Learned a level 2 spell: Call Imp
  1449 | D:2      | Reached XP level 3. HP: 11/17 MP: 13/13
  1594 | D:2      | Reached skill level 6 in Spellcasting
  2321 | D:2      | Learned a level 3 spell: Mephitic Cloud
  2349 | D:3      | Reached skill level 1 in Staves
  2455 | D:3      | Reached XP level 4. HP: 20/22 MP: 18/18
  2682 | D:3      | Slain by a worm
